Unix NetHack Version 3.7.0-66 Work-in-progress - last build Dec 5 2022 03:26:57 (dbea811729ade750c4c0c7f8ab6145c62533a6e7,branch:master). Game began 2022-12-21 03:42:11, ended 2022-12-21 05:03:22. Gandelf, neutral male human Monk -------- ------ |<|>...---....| |.|-@)..@.....| |.||.00.|1....| |.||....|.....| |.|------.----| |.| |......| |.------......| |.............| |..-----......| ---- -------- Gandelf the Initiate St:18/01 Dx:14 Co:13 In:8 Wi:14 Ch:7 Neutral S:16095 Dlvl:9 $:479 HP:0(69) Pw:65(65) AC:10 Xp:9/3105 T:6408 Hungry Burdened Latest messages: The warhorse hits the housecat. The warhorse misses the housecat. The housecat bites the warhorse. The warhorse hits the housecat. The warhorse knocks your housecat back with a forceful blow! The warhorse hits the housecat. The warhorse bites the housecat. The housecat misses the warhorse. The warhorse hits the housecat. The warhorse misses the housecat. The warhorse hits the housecat. The warhorse bites the housecat. The warhorse hits the housecat. The warhorse bites the housecat. The housecat bites the warhorse. You hear some noises in the distance. You hear some noises. You have a sad feeling for a moment, then it passes. You swap places with your housecat. You are beginning to feel hungry. You fall down the stairs. What do you want to use or apply? [abdhkmrsxyADEGJXZ or ?*] a You produce a strange whistling sound. You hit the ochre jelly! You are splashed by the ochre jelly's acid! You hit the ochre jelly! The ochre jelly engulfs you! You are covered in slime! It burns! You kill the ochre jelly! You attack thin air. You kill the garter snake! The garter snake bites! The garter snake bites! You kill the garter snake! The Grey-elf swings his runed broadsword. The Grey-elf hits! You hit the Grey-elf! The Grey-elf swings his runed broadsword. The Grey-elf hits! You hit the Grey-elf! The Grey-elf swings his runed broadsword. The Grey-elf hits! You hit the Grey-elf! The Grey-elf swings his runed broadsword. The Grey-elf hits! You kill the Grey-elf! The Grey-elf shoots 3 runed arrows! You are hit by the 1st runed arrow! You die... Do you want your possessions identified? [ynq] (y) q Inventory: Coins $ - 479 gold pieces Amulets P - an uncursed amulet versus poison Armor f - a cursed -1 pair of gauntlets of fumbling F - an uncursed +2 pair of leather gloves L - an uncursed rusty +0 pair of iron shoes j - an uncursed +0 cloak of magic resistance Comestibles H - 3 uncursed food rations N - an uncursed egg Scrolls U - a cursed scroll of destroy armor u - a blessed scroll of earth t - an uncursed scroll of earth e - an uncursed scroll of enchant weapon q - a cursed scroll of identify Spellbooks y - an uncursed spellbook of force bolt m - an uncursed spellbook of light Potions g - an uncursed potion of full healing i - an uncursed potion of healing T - a cursed potion of healing c - an uncursed potion of object detection p - a cursed potion of sickness z - a cursed potion of sleeping I - 4 potions of holy water Rings M - an uncursed ring of polymorph control Wands r - a wand of digging (0:4) Z - a cursed wand of magic missile (0:7) d - a wand of make invisible (0:4) G - a wand of nothing (0:10) x - a wand of secret door detection (0:8) D - a cursed wand of striking (0:3) Tools A - an uncursed bag of holding containing 51 items X - an uncursed credit card b - an uncursed leash J - an uncursed lock pick a - an uncursed magic whistle h - an uncursed skeleton key s - an uncursed skeleton key E - an uncursed towel k - an uncursed wax candle Gems/Stones K - an uncursed worthless piece of orange glass Contents of the bag of holding: 4148 gold pieces 6 +0 darts 4 +0 daggers 6 uncursed apples an uncursed candy bar labeled "Apollo" an uncursed cream pie 5 uncursed oranges 2 uncursed tins of spinach an uncursed scroll of fire an uncursed scroll of blank paper a blessed scroll of magic mapping a cursed scroll of light an uncursed scroll of light 2 uncursed scrolls of enchant weapon an uncursed scroll of enchant weapon an uncursed scroll of food detection a cursed scroll of genocide an uncursed scroll of identify an uncursed spellbook of detect food an uncursed spellbook of invisibility a cursed spellbook of detect unseen an uncursed spellbook of cancellation an uncursed spellbook of fireball an uncursed spellbook of identify a blessed spellbook of force bolt a blessed spellbook of protection a cursed potion of oil an uncursed diluted potion of confusion a blessed potion of gain energy a cursed potion of gain energy a cursed potion of restore ability an uncursed potion of gain level a cursed potion of gain level an uncursed potion of speed a cursed potion of speed an uncursed potion of blindness an uncursed ring of warning an uncursed ring of polymorph a cursed -4 ring of protection an uncursed ring of protection from shape changers an uncursed ring of conflict an uncursed ring of stealth an uncursed worthless piece of black glass an uncursed fluorite stone an uncursed worthless piece of green glass an uncursed worthless piece of red glass 2 uncursed worthless pieces of violet glass 2 cursed worthless pieces of yellow glass an uncursed worthless piece of yellowish brown glass an uncursed worthless piece of orange glass 2 uncursed rocks Gandelf the Monk's attributes: Background: You were an Initiate, a level 9 male human Monk. You were neutral, on a mission for Chih Sung-tzu who was opposed by Shan Lai Ching (lawful) and Huan Ti (chaotic). You were in Sokoban, on level 9. You entered the dungeon 6408 turns ago. It was nighttime. You had 3105 experience points, 2015 more were needed to attain level 10. Your score was 16095 before end-of-game adjustments. Basics: You had 0 out of 69 hit points. You had all 65 energy points (spell power). Your armor class was 10. Your wallet contained 479 zorkmids, and you had 4148 more stashed away in your pack. Autopickup was on for '$?!+/=' plus thrown. Final Characteristics: Your strength was 18/01 (peak:18/02, limit:18/100). Your dexterity was 14 (limit:18). Your constitution was 13 (limit:18). Your intelligence was 8 (limit:18). Your wisdom was 14 (peak:15, limit:18). Your charisma was 7 (limit:18). Final Status: You were hungry. You were burdened; movement was slightly slowed. You were bare handed. You were skilled in martial arts and could have enhanced that. You were not wearing any armor. Final Attributes: You were piously aligned. You were sleep resistant. You were poison resistant. You saw invisible. You were warned. You had automatic searching. You were stealthy. You were fast. You are dead. Miscellaneous: You encountered 1 bones level. Total elapsed playing time was 1 hour, 3 minutes and 21 seconds. Major events: Turn 1: Gandelf the neutral male human Monk entered the dungeon 343: entered the Gnomish Mines 364: attained the rank of Novice (level 3) 431: reached Mine Town 1107: attained the rank of Initiate (level 6) 2533: destroyed WizzyTheWeird's ghost, the former Conjurer 4680: entered Sokoban 5422: completed 1st Sokoban level 6229: completed 2nd Sokoban level 6408: killed by an elven arrow Vanquished creatures: 2 ghosts a winter wolf 4 small mimics a warhorse an ogre leader a shocking sphere a gargoyle a tengu an ochre jelly a wraith a carnivorous ape a Grey-elf a wolf 16 leprechauns an iron piercer a scorpion a black light 3 gnome rulers an orc mummy a lizard a dingo 2 housecats a jaguar a blue jelly a raven 2 water moccasins a bugbear a water nymph a rock mole a shrieker 4 gnome leaders 2 gnomish wizards 4 gray oozes a straw golem a paper golem 2 giant ants a little dog a floating eye a kitten 2 dwarves a homunculus a kobold leader 2 kobold shamans 11 hill orcs 3 rothes a rabid rat 2 giant bats an orc zombie a wererat 3 iguanas a killer bee 2 acid blobs a hobbit 2 large kobolds 8 hobgoblins a giant rat a cave spider a brown mold 13 gnomes 2 garter snakes 3 gnome zombies 4 geckos 3 jackals a fox 4 kobolds 2 goblins 2 sewer rats 6 grid bugs a bat 6 lichens 2 newts 164 creatures vanquished. No species were genocided or became extinct. Voluntary challenges: You never hit with a wielded weapon. You read items or engraved 16 times. You never engraved Elbereth. You never genocided any monsters. You used no wishes. You violated the special Sokoban rules once. Achievements: You entered the Gnomish Mines. You attained the rank of Novice. You entered Minetown. You entered a temple. You entered a shop. You attained the rank of Initiate. You entered Sokoban. The Dungeons of Doom: levels 1 to 10 Level 1: Level 2: A weapon shop, a fountain. Level 3: A general store, a sink. Stairs down to The Gnomish Mines. Level 4: A general store, a fountain. Level 5: A sink. Level 6: Final resting place for WizzyTheWeird-Wiz-Hum-Mal-Neu, killed by a housecat. Level 7: Level 8: An altar to Chih Sung-tzu. Level 9: Level 10: A sink. Stairs up to Sokoban, level 9. The Gnomish Mines: levels 4 to 6 Level 4: Level 5: Level 6: Many shops, a temple, some fountains. Sokoban: levels 9 up to 8 Level 8: Solved. Level 9: <- You were here. Solved. Final resting place for you, killed by an elven arrow. Game over: ---------- / \ / REST \ / IN \ / PEACE \ / \ | Gandelf | | 4627 Au | | killed by an | | elven arrow | | | | | | 2022 | *| * * * | * _________)/\\_//(\/(/\)/\//\/|_)_______ Goodbye Gandelf the Monk... You died in Sokoban on dungeon level 9 with 15633 points, and 4627 pieces of gold, after 6408 moves. You were level 9 with a maximum of 69 hit points when you died.